 Dungeon Crawl Stone Soup version 0.31-a0-920-g28cbb04a8c (webtiles) character file.

Game seed: 9949473791207530225

6788 Pooter the Severer (level 10, -12/90 HPs)
             Began as a Minotaur Berserker on Oct 16, 2023.
             Was a Priest of Trog.
             Mangled by a death yak (21 damage)
             ... on level 7 of the Dungeon on Oct 17, 2023.
             The game lasted 00:39:42 (7721 turns).

Pooter the Severer (Minotaur Berserker)             Turns: 7721, Time: 00:39:43

Health: -12/90     AC: 12    Str: 25    XL:     10   Next: 76%
Magic:  9/9        EV:  7    Int:  4    God:    Trog [***...]
Gold:   89         SH:  0    Dex: 11    Spells: 9/9 levels left

rFire   . . .        a - +2 executioner's axe (flame)
rCold   . . .        (shield currently unavailable)
rNeg    . . .        C - +0 plate armour
rPois   .            e - +0 hat
rElec   .            (no cloak)
rCorr   .            x - +0 pair of gloves
SInv    .            (no boots)
Will    .....        (no amulet) Stlth
                     g - ring of flight
HPRegen 0.35/turn    (no ring)
MPRegen 0.11/turn

%: no passive effects
@: on berserk cooldown, flying, slowed, very slow
A: horns 2, retaliatory headbutt
a: Renounce Religion, Berserk, Trog's Hand


You were on level 7 of the Dungeon.
You worshipped Trog.
Trog was most pleased with you.
You visited 1 branch of the dungeon, and saw 8 of its levels.
You also visited: Bailey.

You collected 473 gold pieces.
You spent 384 gold pieces at shops.

Inventory:

Hand Weapons
 a - a +2 executioner's axe of flaming (weapon)
   (You found it in a bailey)
 b - a +0 arbalest
   (You took it off an orc in a bailey)
 o - a +1 heavy war axe
   (You took it off an orc on level 4 of the Dungeon)
 w - a +0 trident
   (You found it on level 4 of the Dungeon)
 z - the +4 sling "Ceyxki Buemm" {flame, rF+ Dex+3}
   (You found it on level 3 of the Dungeon)

   Dex+3:     It affects your dexterity (+3).
   rF+:       It protects you from fire.
Missiles
 i - a curare-tipped dart
 j - 17 poisoned darts (quivered)
 Q - 96 stones
Armour
 e - a +0 hat (worn)
   (You found it on level 1 of the Dungeon)
 l - a +0 pair of boots
   (You found it on level 8 of the Dungeon)
 q - an orb of light
   (You found it on level 5 of the Dungeon)
 x - a +0 pair of gloves (worn)
   (You found it on level 6 of the Dungeon)
 C - a +0 plate armour (worn)
   (You took it off an orc warrior in a bailey)
Jewellery
 g - a ring of flight (left hand)
   (You found it on level 2 of the Dungeon)
Wands
 r - a wand of charming (8)
   (You found it on level 4 of the Dungeon)
Scrolls
 k - a scroll of enchant armour {unknown}
 m - a scroll of poison {!r}
 n - 2 scrolls of noise {!r}
 s - a scroll of fog
 t - 5 scrolls of teleportation {@r4}
 y - a scroll of butterflies
 D - 2 scrolls of vulnerability {!r}
Potions
 c - 2 potions of enlightenment
 d - a potion of brilliance {unknown}
 f - a potion of curing {unknown}
 h - 5 potions of lignification {!q}
 p - a potion of berserk rage {unknown}
 u - a potion of magic {unknown}
 v - a potion of heal wounds {@q2}
 A - 2 potions of haste {@q3}
 B - a potion of resistance


   Skills:
 + Level 8.5 Fighting
 * Level 16.4 Axes
 * Level 8.9 Ranged Weapons
 - Level 2.4 Armour
 - Level 2.1 Dodging


You had 9 spell levels left.
You didn't know any spells.
Your spell library was empty.

Dungeon Overview and Level Annotations

Branches:
Dungeon (8/15) Zot: 26791  Temple (0/1) D:5            Lair (0/5) D:8
 Bailey (visited)

Altars:
Gozag
Nemelex Xobeh
Okawaru
Ru
Uskayaw
Vehumet
Yredelemnul
Zin
The Shining One

Shops:
D:7 *


Innate Abilities, Weirdness & Mutations

You have a pair of horns on your head.
You reflexively headbutt those who attack you in melee.


Message History

You headbutt the hell rat, but do no damage.
The death yak gores you!
A red film seems to cover your vision as you go berserk!
You feel yourself moving faster!
You feel mighty!
The hell rat bites you but does no damage.
The death yak gores you.
You are too injured to fight recklessly!
You are too injured to fight recklessly!
You slash the death yak! You burn the death yak. You slice the hell rat!!
You burn the hell rat.
You kill the hell rat!
Trog accepts your kill.
You slash the death yak! You burn the death yak.
Your headbutt misses the death yak. The death yak barely misses you.
You slice the death yak!! You burn the death yak. You headbutt the death yak.
The death yak gores you!
* * * LOW HITPOINT WARNING * * *
A death yak comes into view.
You hit the death yak but do no damage. You slice the death yak!!
You burn the death yak.
You kill the death yak!
Trog accepts your kill.
Your life force feels restored.
You feel a strong urge to attack something.
You feel your anger nearly subside.
You are no longer berserk.
You are exhausted.
You feel yourself slow down.
The death yak snorts and paws the ground.
You see here a +0 sling.
The death yak attacks as it pursues you!
The death yak gores you but does no damage.
The death yak attacks as it pursues you!
The death yak barely misses you.
There is an escape hatch in the ceiling here.
The death yak gores you!
* * * LOW HITPOINT WARNING * * *
The death yak gores you!
* * * LOW HITPOINT WARNING * * *
A mysterious force pulls you upwards. The hatch slams shut behind you.
You feel much better. The death yak gores you!
You slash the death yak! You burn the death yak.
Your headbutt misses the death yak. The death yak gores you!
* * * LOW HITPOINT WARNING * * *
The death yak gores you!
* * * LOW HITPOINT WARNING * * *
You slice the death yak!! You burn the death yak! You headbutt the death yak.
The death yak gores you!
* * * LOW HITPOINT WARNING * * *
The death yak gores you!!
You die...

##........###...#### #.#
#.# #......#.###...# #.#
### #..#...#..###### #.#
##..#....#.##############
##..#....#..##..........#
....#....##..#....[.....#
.........###.#..........#
........................#
.......##.##.#..@Y.....?#
####......##.#..........#
####......##.#.#######.##
...'...........# ####.#
####...........## #....#
.# #.........#..######.#
.# ###.##....#..##.....#
.#####.##.......##.###.###
.+.....##...##...........#


You could see a death yak.

Vanquished Creatures
  A death yak (D:8)
  2 orc knights (Bailey)
  Prince Ribbit (D:7)
  A sky beast (D:7)
  8 orc warriors (Bailey)
  An ice beast (D:4)
  A black bear (D:6)
  2 phantoms
  A kobold brigand (D:8)
  A bullfrog (D:7)
  2 wights (D:7)
  A gnoll bouda (D:6)
  A hound (D:7)
  5 iguanas (D:5)
  Natasha (thrice) (D:3)
  A hell rat (D:8)
  10 adders
  4 gnolls
  A shadow imp (D:7)
  2 white imps
  4 ufetubi
  2 worms
  The ghost of Kurtz the Sneak, a weakling NaDe (D:5)
  The ghost of croobank the Covert, a weakling GnDe (D:5)
  The ghost of croobank the Sneak, a weakling DgDe (D:5)
  12 orcs
  14 endoplasms
  2 giant cockroaches
  7 goblins
  9 hobgoblins
  10 jackals (D:1)
  15 kobolds
  4 quokkas
  7 ball pythons
  11 bats
  3 frilled lizards
  6 rats
158 creatures vanquished.

Vanquished Creatures (collateral kills)
  2 orcs (Bailey)
2 creatures vanquished.

Vanquished Creatures (others)
  An orc warrior (Bailey)
1 creature vanquished.

Grand Total: 161 creatures vanquished

Notes
Turn   | Place    | Note
-------+----------+-------------------------------------------
     0 | D:1      | Pooter the Minotaur Berserker began the quest for the Orb.
     0 | D:1      | Reached XP level 1. HP: 19/19 MP: 0/0
    63 | D:1      | Reached skill level 4 in Axes
    63 | D:1      | Reached XP level 2. HP: 18/27 MP: 1/1
   478 | D:1      | Reached XP level 3. HP: 27/33 MP: 2/2
   480 | D:1      | Reached ** piety under Trog
   792 | D:2      | Reached skill level 5 in Axes
  1023 | D:2      | Found a faded altar of an unknown god.
  1275 | D:2      | Reached XP level 4. HP: 41/41 MP: 3/3
  1375 | D:3      | Noticed Natasha
  1387 | D:3      | Killed Natasha
  1551 | D:3      | Identified the +4 sling "Ceyxki Buemm" {flame, rF+ Dex+3}
  1594 | D:3      | Reached *** piety under Trog
  1595 | D:3      | Noticed Natasha
  1600 | D:3      | Killed Natasha
  1601 | D:3      | Reached skill level 5 in Fighting
  1601 | D:3      | Reached skill level 6 in Axes
  1601 | D:3      | Reached XP level 5. HP: 34/48 MP: 4/4
  1665 | D:3      | Noticed Natasha
  1673 | D:3      | Killed Natasha
  1674 | D:3      | Reached skill level 1 in Ranged Weapons
  2126 | D:4      | Upgraded the game from 0.31-a0-889-g1a8549509d to
                  | 0.31-a0-920-g28cbb04a8c
  2298 | D:4      | Noticed an ice beast
  2305 | D:4      | Killed an ice beast
  2306 | D:4      | Reached XP level 6. HP: 56/56 MP: 5/5
  2764 | D:5      | Entered Level 5 of the Dungeon
  3023 | D:5      | Reached skill level 7 in Axes
  3174 | D:5      | Found a basalt altar of Yredelemnul.
  3300 | D:5      | Found a runed translucent gate.
  3301 | D:5      | Found a runed translucent gate.
  3302 | D:5      | Found a runed translucent gate.
  3303 | D:5      | Noticed Kurtz's ghost (weakling NaDe)
  3303 | D:5      | Noticed croobank's ghost (weakling DgDe)
  3303 | D:5      | Noticed croobank's ghost (weakling GnDe)
  3318 | D:5      | Killed Kurtz's ghost
  3318 | D:5      | Killed croobank's ghost
  3319 | D:5      | Killed croobank's ghost
  3429 | D:5      | Found a staircase to the Ecumenical Temple.
  3440 | D:5      | Reached **** piety under Trog
  3441 | D:5      | Reached XP level 7. HP: 62/62 MP: 6/6
  3905 | D:6      | Reached skill level 8 in Axes
  4470 | D:7      | Reached skill level 5 in Ranged Weapons
  4538 | D:7      | Found an iron altar of Okawaru.
  4538 | D:7      | Found a glowing silver altar of Zin.
  4539 | D:7      | Found a glowing golden altar of the Shining One.
  4540 | D:7      | Found a sparkling altar of Nemelex Xobeh.
  4541 | D:7      | Found an opulent altar of Gozag.
  4542 | D:7      | Found a sacrificial altar of Ru.
  4542 | D:7      | Found a hide-covered altar of Uskayaw.
  4543 | D:7      | Found a radiant altar of Vehumet.
  4619 | D:7      | Reached XP level 8. HP: 68/71 MP: 7/7
  4778 | D:7      | Noticed Prince Ribbit
  4784 | D:7      | Killed Prince Ribbit
  4785 | D:7      | Reached skill level 9 in Axes
  5126 | D:7      | Found Keotwuvo's General Store.
  5176 | D:7      | Bought a scroll of identify for 24 gold pieces
  5176 | D:7      | Bought 2 potions of haste for 240 gold pieces
  5176 | D:7      | Bought a potion of resistance for 120 gold pieces
  5596 | D:8      | Found a flagged portal.
  5605 | Bailey   | Entered a bailey
  6422 | Bailey   | Reached skill level 10 in Axes
  6422 | Bailey   | Reached XP level 9. HP: 79/79 MP: 8/8
  6900 | Bailey   | Noticed an orc knight
  6900 | Bailey   | Noticed an orc knight
  7055 | Bailey   | Killed an orc knight
  7282 | Bailey   | Killed an orc knight
  7283 | Bailey   | Reached skill level 11 in Axes
  7627 | Bailey   | Reached skill level 16 in Axes
  7627 | Bailey   | Reached XP level 10. HP: 90/90 MP: 9/9
  7697 | D:8      | Noticed a death yak
  7700 | D:8      | Noticed a death yak
  7705 | D:8      | Noticed a death yak
  7707 | D:8      | Killed a death yak
  7721 | D:7      | Mangled by a death yak

Illustrated notes

Levels and vault maps discovered:
D:1:      ebering_hopf_link, layout_basic
D:2:      minmay_diamond_boxcup, layout_rooms,
          shapermc_ecumenical_altar_mp_highgroup
D:3:      kb_forest_paths, layout_rooms, uniq_natasha
D:4:      layout_loops_ring, lightli_corner_chamber
D:5:      layout_gridville, lemuel_coloured_pillars_altar,
          minmay_temple_entry_nine_rooms, gammafunk_ghost_cemetery,
          nicolae_half_adder
D:6:      layout_basic
D:7:      layout_basic, grunt_temple_overflow_open, serial_shops,
          nicolae_shop_window_shopping, uniq_prince_ribbit1
D:8:      layout_basic, dpeg_lair_monsters, serial_shops, shop_statue,
          enter_bailey_2

Skill      XL: |  1  2  3  4  5  6  7  8  9 |
---------------+----------------------------+-----
Axes           | 4 5 6 7 8 10 16 | 16.4
Fighting       | 4 5 6 7 8 |  8.5
Ranged Weapons | 2 3 5 7 8 |  8.9
Armour         | |  2.4
Dodging        | |  2.1

Action                     |  1- 3 |  4- 6 |  7- 9 | 10-12 || total
---------------------------+-------+-------+-------+-------++-------
  Melee: Hand axe          |    85 |    66 |       |       ||   151
         Headbutt          |    10 |    12 |     9 |     2 ||    33
         War axe           |       |    14 |    68 |       ||    82
         Trident           |       |     4 |       |       ||     4
         Executioner's axe |       |       |       |     7 ||     7
   Fire: Sling             |       |    88 |    51 |       ||   139
         Arbalest          |       |       |    46 |     3 ||    49
 Invoke: Berserk           |     1 |       |     3 |     1 ||     5
         Trog's Hand       |       |       |     7 |       ||     7
  Evoke: Wand              |       |       |     1 |       ||     1
    Use: Scroll            |     6 |     4 |     8 |     1 ||    19
         Potion            |       |       |     1 |     1 ||     2
 Armour: Animal skin       |    25 |       |       |       ||    25
         Scale mail        |    20 |    31 |       |       ||    51
         Chain mail        |       |    35 |   117 |       ||   152
         Plate armour      |       |       |    19 |    14 ||    33
  Dodge: Dodged            |    60 |    52 |    77 |     4 ||   193

Table legend: (Time is in decaauts)
 A = Elapsed time spent in this place.
 B = Non-inter-level travel time spent in this place.
 C = Inter-level travel time spent in this place.
 D = Time resting spent in this place.
 E = Time spent auto-exploring this place.
 F = Levels seen in this place.
 G = Mean time per level.
                   A        B        C        D        E       F      G
               +--------+--------+--------+--------+--------+-----+--------+
         Total |   7914 |   7700 |    214 |   1965 |   4184 |   9 |  879.3 |
       Dungeon |   5804 |   5590 |    214 |    459 |   3982 |   8 |  725.5 |
        Bailey |   2110 |   2110 |      0 |   1506 |    202 |   1 | 2110.0 |
               +--------+--------+--------+--------+--------+-----+--------+

Top non-repeatable levels by time:
  Bailey: 2110 daAuts
     D:7: 1076 daAuts
     D:5: 972 daAuts
     D:1: 781 daAuts
     D:3: 748 daAuts
     D:6: 728 daAuts
     D:4: 718 daAuts
     D:2: 576 daAuts
     D:8: 203 daAuts
